 Dungeon Crawl Stone Soup version 0.27-a0-1287-gca74d27db6 (webtiles) character file.

Game seed: 803188498138436073

119 night the Chiller (level 4, -3/30 HPs)
             Began as a Demonspawn Ice Elementalist on June 14, 2021.
             Killed by nerve-wracking pain
             ... invoked by a shadow imp
              (10 damage)
             ... on level 3 of the Dungeon.
             The game lasted 00:06:11 (2987 turns).

night the Chiller (Demonspawn Ice Elementalist)     Turns: 2987, Time: 00:06:12

Health: -3/30      AC: 14    Str:  8    XL:     4   Next: 74%
Magic:  6/9        EV: 12    Int: 18    God:
Gold:   69         SH:  5    Dex: 13    Spells: 3/10 levels left

rFire    . . .     SeeInvis .   b - +0 dagger
rCold    . . .     Faith    .   (no shield)
rNeg     . . .     Spirit   .   d - +1 robe {Will+}
rPois    .         Reflect  +   q - +0 helmet
rElec    .         Harm     .   e - +0 cloak
rCorr    .         Rampage  .   o - +2 pair of gloves
Will     +....                  (no boots)
Stlth    ++........             g - amulet of reflection
HPRegen  0.10/turn              (no ring)
MPRegen  0.22/turn              (no ring)

@: ice-armoured
A: talons 1, magic regeneration
a: no special abilities


You were on level 3 of the Dungeon.
You visited 1 branch of the dungeon, and saw 3 of its levels.

You collected 69 gold pieces.

Inventory:

Hand Weapons
 b - a +0 dagger (weapon)
Missiles
 c - 106 stones
 i - 7 atropa-tipped darts
 l - 3 poisoned darts
Armour
 d - a +1 robe of willpower (worn)
 e - a +0 cloak (worn)
 o - a +2 pair of gloves (worn)
 q - a +0 helmet (worn)
Jewellery
 g - an amulet of reflection (around neck)
 h - a ring of fire
Scrolls
 m - a scroll of blinking {unknown}
Potions
 a - a potion of flight {unknown}
 f - 2 potions of attraction
 j - 2 potions of ambrosia
 k - a potion of haste {unknown}
 n - a potion of invisibility {unknown}


   Skills:
 - Level 1.7 Dodging
 - Level 1.7 Stealth
 + Level 3.5 Spellcasting
 + Level 4.7 Ice Magic


You had 3 spell levels left.
You knew the following spells:

 Your Spells              Type           Power      Damage    Failure   Level
a - Freeze                Ice            80%        1d9       2%          1
b - Frozen Ramparts       Ice            40%        1d6       7%          3
c - Ozocubu's Armour      Ice            20%        N/A       7%          3

Your spell library contained the following spells:

 Spells                   Type           Power      Damage    Failure   Level
 Animate Skeleton         Necr           6%         N/A       16%         1
 Apportation              Tloc           6%         N/A       16%         1
 Corona                   Hex            3%         N/A       16%         1
 Summon Small Mammal      Summ           12%        N/A       16%         1
 Hailstorm                Conj/Ice       11%        3d5       50%         4
 Metabolic Englaciation   Hex/Ice        5%         N/A       85%         5


Dungeon Overview and Level Annotations

Branches:
Dungeon (3/15)

Altars:


Innate Abilities, Weirdness & Mutations

You have sharp toenails.
You regenerate magic rapidly.


Message History

You hit the shadow imp but do no damage.
The shadow imp barely misses you.
You barely miss the shadow imp. You block the shadow imp's attack.
You hit the shadow imp but do no damage.
The shadow imp gestures at you. Pain shoots through your body!
* * * LOW HITPOINT WARNING * * *
You completely miss the shadow imp.
The shadow imp picks up a beetle and eats it.
The shadow imp hits you but does no damage.
You hit the shadow imp but do no damage.
The shadow imp hits you.
* * * LOW HITPOINT WARNING * * *
You hit the shadow imp but do no damage.
Your kick misses the shadow imp.
The shadow imp hits you but does no damage.
You hit the shadow imp.
The shadow imp is lightly wounded.
You block the shadow imp's attack.
You hit the shadow imp but do no damage.
The shadow imp is lightly wounded.
The shadow imp closely misses you.
You hit the shadow imp but do no damage.
You claw the shadow imp.
The shadow imp is heavily wounded.
The shadow imp closely misses you.
You closely miss the shadow imp.
The shadow imp is heavily wounded.
You block the shadow imp's attack.
You closely miss the shadow imp.
The shadow imp is heavily wounded.
The shadow imp hits you but does no damage.
You barely miss the shadow imp. You claw the shadow imp.
The shadow imp is almost dead.
The shadow imp barely misses you.
You hit the shadow imp but do no damage.
The shadow imp is almost dead.
The shadow imp gestures at you. Pain shoots through your body!
You die...

... ... #.## ...# #..#
#### # ####..#.>... #.
#.......5... #.
#.##5#######
#.###.##@# #......(.#
#........#
.##########.#.##.##.#
........###...##.....
..# #........†..##.#
#.#
........####.###......
... #######.# #.#
####.## #.# #.# #.#
#.# #.#


You could see a shadow imp.

Vanquished Creatures
  Robin (D:3)
  3 adders (D:2)
  A shadow imp (D:3)
  A worm (D:3)
  5 ball pythons
  7 bats
  5 endoplasms
  3 giant cockroaches
  11 goblins
  3 hobgoblins (D:3)
  6 jackals
  8 kobolds
  3 quokkas (D:2)
  2 frilled lizards
  3 rats
62 creatures vanquished.

Notes
Turn   | Place    | Note
-------+----------+-------------------------------------------
     0 | D:1      | night the Demonspawn Ice Elementalist began the quest for
                  | the Orb.
     0 | D:1      | Reached XP level 1. HP: 13/13 MP: 3/3
     2 | D:1      | Found a faded altar of an unknown god.
   174 | D:1      | Gained mutation: You have sharp toenails. [demonic
                  | ancestry]
   174 | D:1      | Reached XP level 2. HP: 7/19 MP: 0/5
   602 | D:1      | Reached skill level 4 in Ice Magic
  1205 | D:1      | Gained mutation: You regenerate magic rapidly. [demonic
                  | ancestry]
  1205 | D:1      | Reached XP level 3. HP: 22/24 MP: 4/7
  1683 | D:2      | Learned a level 3 spell: Frozen Ramparts
  1687 | D:2      | Learned a level 3 spell: Ozocubu's Armour
  2313 | D:2      | Reached XP level 4. HP: 30/30 MP: 6/8
  2722 | D:3      | Noticed Robin
  2730 | D:3      | Killed Robin
  2987 | D:3      | Killed from afar by a shadow imp

Illustrated notes

Levels and vault maps discovered:
D:1:      lightli_arrival_maybe_door_vault, layout_loops_cross, serial_rivers,
          chequers_serial_rivers_room_b, chequers_serial_rivers_micro_c,
          chequers_serial_rivers_micro_c, chequers_serial_rivers_small_b,
          chequers_serial_rivers_room_a, basic_ecumenical_altar,
          minmay_misc_feat_ornament, fountainhead
D:2:      layout_loops_corners, hangedman_abyss_or_decor_lesser_grid,
          minmay_tromino_v4_a
D:3:      layout_loops_ring, minmay_statues_item, serial_bayou_pond_e,
          fountainhead, uniq_robin, uniq_crazy_yiuf_cottage, uniq_natasha

Skill      XL: |  1  2  3 |
---------------+----------+-----
Ice Magic      | 4 |  4.7
Spellcasting   | 3 |  3.5
Dodging        | |  1.7
Stealth        | |  1.7

Action                   |  1- 3 |  4- 6 || total
-------------------------+-------+-------++-------
Melee: Dagger            |    26 |    50 ||    76
       Kick              |     3 |     6 ||     9
Throw: Stone             |     1 |       ||     1
 Cast: Freeze            |    48 |    13 ||    61
       Frozen Ramparts   |     2 |     5 ||     7
       Ozocubu's Armour  |       |     3 ||     3
  Use: Scroll            |     2 |     2 ||     4
 Stab: Sleeping          |     4 |     4 ||     8
Armor: Robe              |    15 |    17 ||    32
Dodge: Dodged            |    31 |    28 ||    59
Block: Other             |     8 |    12 ||    20
       Reflection        |     1 |       ||     1

Table legend: (Time is in decaauts)
 A = Elapsed time spent in this place.
 B = Non-inter-level travel time spent in this place.
 C = Inter-level travel time spent in this place.
 D = Time resting spent in this place.
 E = Time spent auto-exploring this place.
 F = Levels seen in this place.
 G = Mean time per level.
                   A        B        C        D        E       F      G
               +--------+--------+--------+--------+--------+-----+--------+
         Total |   2989 |   2919 |     70 |    297 |   2157 |   3 |  996.3 |
       Dungeon |   2989 |   2919 |     70 |    297 |   2157 |   3 |  996.3 |
               +--------+--------+--------+--------+--------+-----+--------+

Top non-repeatable levels by time:
     D:1: 1502 daAuts
     D:2: 1115 daAuts
     D:3: 371 daAuts
